 Dungeon Crawl Stone Soup version 0.21.1-1-g345015fe64 (webtiles) character file.

294 Gargoyl the Skirmisher (level 6, -1/52 HPs)
             Began as a Centaur Abyssal Knight on May 3, 2018.
             Was a Believer of Lugonu.
             Slain by a worker ant (3 damage)
             ... on level 3 of the Dungeon.
             The game lasted 00:06:23 (3705 turns).

Gargoyl the Skirmisher (Centaur Abyssal Knight)     Turns: 3705, Time: 00:06:24

Health: -1/52      AC:  7    Str: 15    XL:     6   Next: 11%
Magic:  8/8        EV: 14    Int: 11    God:    Lugonu [**....]
Gold:   161        SH:  0    Dex: 15    Spells: 5/5 levels left

rFire    . . .     SeeInvis .   a - +1 hand axe
rCold    . . .     Gourm    .   (no shield)
rNeg     . . .     Faith    .   n - +0 ring mail
rPois    .         Spirit   .   (no helmet)
rElec    .         Reflect  .   d - scarf {cloud immunity}
rCorr    .         Harm     .   f - +0 pair of gloves
MR       .....                  (no barding)
Stlth    +.........             (no amulet)
HPRegen  0.17/turn              (no ring)
MPRegen  0.11/turn              (no ring)

@: agile, lethally poisoned (-1 -> -3), very quick
A: large, hooves 3, deformed body, speed 2, tough skin 3
a: Depart the Abyss, Bend Space, Renounce Religion


You were on level 3 of the Dungeon.
You worshipped Lugonu.
Lugonu was pleased with you.
You were near starving.

You visited 1 branch of the dungeon, and saw 4 of its levels.
You visited the Abyss 1 time.

You collected 161 gold pieces.

Inventory:

Hand Weapons
 a - a +1 hand axe (weapon)
Armour
 d - a scarf of cloud immunity (worn)
 f - a +0 pair of gloves (worn)
 n - a +0 ring mail (worn)
Wands
 b - a wand of polymorph (3)
Scrolls
 c - 2 scrolls of magic mapping
 g - 2 scrolls of identify
 j - a scroll of teleportation
 m - 2 scrolls of remove curse
Potions
 e - a potion of lignification
 h - a potion of agility
 i - a potion of degeneration {unknown}
 l - a potion of resistance {unknown}
 p - a potion of haste {unknown}
Comestibles
 k - a ration


   Skills:
 + Level 3.7 Fighting
 + Level 3.1 Axes
 * Level 3.0 Armour
 + Level 1.7 Dodging
 * Level 3.4 Invocations


You had 5 spell levels left.
You didn't know any spells.

Dungeon Overview and Level Annotations

Branches:
Dungeon (4/15)
 Temple: D:4-7

Altars:
Dithmenos
The Shining One

Annotations:
D:4 Lorindel's ghost, amateur OgSk


Innate Abilities, Weirdness & Mutations

You have hooves in place of feet.
Armour fits poorly on your strangely shaped body.
You cover ground very quickly.
You have extremely tough skin. (AC +3)


Message History

The howler monkey hits you.
* * * LOW HITPOINT WARNING * * *
You barely miss the worker ant. You kick the worker ant!
The worker ant is severely wounded.
You completely miss the howler monkey. You hit the gnoll but do no damage.
The worker ant closely misses you. The howler monkey hits you.
* * * LOW HITPOINT WARNING * * *
The gnoll barely misses you.
Unknown command.
You closely miss the worker ant. Your kick misses the worker ant.
The worker ant is severely wounded.
You hit the howler monkey. You barely miss the gnoll.
You feel sick.
The worker ant bites you but does no damage.
The howler monkey hits you!
* * * LOW HITPOINT WARNING * * *
The gnoll hits you but does no damage.
It was a potion of agility.
You feel agile all of a sudden. The worker ant bites you.
You die...

.....###.#..####........##.....##
.....# #.#...#####...†.....##....
.....# #..#.....##...########.###
....#####...<......#.#..........#
........###.<........#..........#
....###..###......#.............#
....####............##...........
....#...........hg............(.#
......####..#.[.@..#............#
###.######.##....a.##..........>#
#...####...##......#.............
..####...#####.#.....##.####.###.
..##...### ###...#.####.# #....#
..##.### ##....##.# ##.####.##.#
......#####...####.# #.......##..
......#.......# ##.# #.......###.
......#.####.## #..# #.†..[.## #.


You could see a howler monkey, a worker ant and a gnoll.

Vanquished Creatures
  An orc wizard (D:3)
  A hound (D:4)
  A bullfrog skeleton (D:4)
  Ijyb (D:3)
  2 worker ants
  A hound skeleton (D:4)
  3 gnolls (D:3)
  An adder (D:2)
  An ooze (D:3)
  An adder skeleton (D:4)
  4 dart slugs
  A leopard gecko (D:3)
  An orc (D:4)
  12 bats
  A giant cockroach (D:3)
  7 goblins
  4 hobgoblins
  10 jackals
  2 quokkas (D:2)
  A ball python (D:3)
  6 frilled lizards
  6 kobolds
  A leopard gecko skeleton (D:4)
  6 rats
75 creatures vanquished.

Notes
Turn   | Place    | Note
-------+----------+-------------------------------------------
     0 | Abyss:1  | Gargoyl the Centaur Abyssal Knight began the quest for the Orb.
     0 | Abyss:1  | Reached XP level 1. HP: 19/19 MP: 2/2
    48 | Abyss:1  | Found a corrupted altar of Lugonu.
    75 | Abyss:1  | Noticed a bone dragon
   101 | Abyss:1  | Noticed an orange demon
   105 | Abyss:1  | Noticed a crimson imp
   132 | D:1      | Escaped the Abyss
   446 | D:1      | Reached XP level 2. HP: 19/26 MP: 3/3
   453 | D:1      | Reached * piety under Lugonu
   817 | D:1      | Reached skill level 1 in Dodging
  1099 | D:2      | Reached XP level 3. HP: 27/31 MP: 4/4
  1835 | D:3      | Reached ** piety under Lugonu
  1967 | D:3      | Reached XP level 4. HP: 32/38 MP: 6/6
  2220 | D:3      | Noticed Ijyb
  2446 | D:3      | Found a shadowy altar of Dithmenos.
  2861 | D:3      | Killed Ijyb
  2898 | D:3      | Reached XP level 5. HP: 45/45 MP: 7/7
  3054 | D:4      | Noticed Lorindel's ghost (amateur OgSk)
  3103 | D:3      | HP: 2/45 [poisoned by a worker ant]
  3111 | D:3      | HP: 2/45 [poisoned by a worker ant]
  3664 | D:4      | Reached XP level 6. HP: 38/52 MP: 8/8
  3686 | D:4      | Found a glowing golden altar of the Shining One.
  3704 | D:3      | HP: 2/52 [howler monkey (7)]
  3705 | D:3      | Slain by a worker ant

Skill      XL: |  1  2  3  4  5 |
---------------+----------------+-----
Axes           | 2 3 |  3.1
Dodging        | 1 |  1.7
Armour         | 2 3 |  3.0
Invocations    | 3 |  3.4
Fighting       | |  3.7

Action                   |  1- 3 |  4- 6 || total
-------------------------+-------+-------++-------
Melee: Hand axe          |   102 |    99 ||   201
       Kick              |    21 |    17 ||    38
       Unarmed           |       |    20 ||    20
Invok: Depart the Abyss  |     1 |       ||     1
  Use: Scroll            |     4 |     2 ||     6
       Potion            |     1 |     3 ||     4
 Stab: Invisible         |     1 |       ||     1
       Confused          |       |     2 ||     2
  Eat: Chunk             |     1 |     1 ||     2
       Ration            |     1 |       ||     1
Armor: Leather armour    |    65 |     7 ||    72
       Ring mail         |       |    75 ||    75
       Skin              |       |    12 ||    12
Dodge: Dodged            |    78 |    88 ||   166
